 Dungeon Crawl Stone Soup version 0.27.1-34-g3ba077fa99 (webtiles) character file.

Game seed: 11482171521512913137

66 mcbry74 the Cudgeller (level 3, -5/33 HPs)
             Began as a Troll Gladiator on Jan 22, 2022.
             Slain by a gnoll (12 damage)
             ... on level 2 of the Dungeon.
             The game lasted 00:03:09 (981 turns).

mcbry74 the Cudgeller (Troll Gladiator)              Turns: 981, Time: 00:03:10

Health: -5/33      AC:  4    Str: 23    XL:     3   Next: 96%
Magic:  0/2        EV: 10    Int:  4    God:
Gold:   10         SH:  0    Dex: 11    Spells: 2/2 levels left

rFire    . . .     SeeInvis .   a - +0 flail
rCold    . . .     Faith    .   (no shield)
rNeg     . . .     Spirit   +   b - +0 robe
rPois    .         Reflect  .   c - +0 hat
rElec    .         Harm     .   (no cloak)
rCorr    .         Rampage  .   (gloves unavailable)
Will     .....                  (boots unavailable)
Stlth    +.........             i - amulet of guardian spirit
HPRegen  1.11/turn              (no ring)
MPRegen  0.08/turn              (no ring)

@: no status effects
A: large, unfitting armour, claws 3, regeneration 1, shaggy fur 1, tough skin 1
a: no special abilities


You were on level 2 of the Dungeon.
You visited 1 branch of the dungeon, and saw 2 of its levels.

You collected 10 gold pieces.

Inventory:

Hand Weapons
 a - a +0 flail (weapon)
Missiles
 d - 3 throwing nets
 e - 29 stones (quivered)
 f - 34 sling bullets
Armour
 b - a +0 robe (worn)
 c - a +0 hat (worn)
Jewellery
 i - an amulet of guardian spirit (around neck)
Scrolls
 h - a scroll of enchant armour {unknown}
 j - a scroll of identify {unknown}
Potions
 g - a potion of mutation {unknown}


   Skills:
 - Level 1.5 Fighting
 + Level 4.4 Maces & Flails
 - Level 1.7 Throwing
 - Level 2.4 Dodging


You had 2 spell levels left.
You didn't know any spells.
Your spell library was empty.

Dungeon Overview and Level Annotations

Branches:
Dungeon (2/15)

Altars:


Innate Abilities, Weirdness & Mutations

You are too large for most types of armour.
You have claws for hands.
Your natural rate of healing is unusually fast.
You are covered in fur. (AC +1)
You have tough skin. (AC +1)


Message History

The gnoll is moderately wounded.
The gnoll barely misses you.
The gnoll hits you from afar with a +0 spear.
You closely miss the gnoll.
The gnoll is moderately wounded.
The gnoll closely misses you.
The gnoll hits you from afar with a +0 spear.
The gnoll hits you with a +0 flail!
The gnoll zaps a wand.
You hear a grinding noise.
The gnoll shouts!
The gnoll closely misses you.
You thump the gnoll!
The gnoll is severely wounded.
The gnoll completely misses you.
You sock the gnoll!
You kill the gnoll!
You barely miss the gnoll.
The gnoll is lightly wounded.
The gnoll hits you with a +0 flail.
The gnoll hits you from afar with a +0 halberd.
You barely miss the gnoll.
The gnoll is lightly wounded.
The gnoll hits you but does no damage. The gnoll closely misses you.
The gnoll completely misses you.
You thump the gnoll!
You kill the gnoll!
The gnoll misses you. The gnoll hits you with a +0 halberd.
You see here a +0 flail.
You hit the gnoll but do no damage. The gnoll hits you with a +0 halberd!
You closely miss the gnoll. The gnoll closely misses you.
You thump the gnoll!
The gnoll is almost dead.
The gnoll hits you with a +0 halberd!
* * * LOW HITPOINT WARNING * * *
You barely miss the gnoll.
The gnoll is almost dead.
The gnoll hits you with a +0 halberd!
You die...

.........)
######## #......
......... #.....#
....(.... #.....#
.........
#.....#######
........
#.....).....#
........
#.....##)##.#
#######....
#.....# #g#.#
#..........
##+#### ##@.#
#.......... ##.#
#.......... #..#
#..........
#.#.####.....####
#................
#################


You could see a gnoll.

Vanquished Creatures
  3 gnolls (D:2)
  An orc (D:2)
  An endoplasm (D:1)
  4 giant cockroaches
  4 goblins
  6 hobgoblins
  2 jackals (D:1)
  A kobold (D:2)
  2 quokkas (D:1)
  3 bats
  5 frilled lizards
  3 rats (D:1)
35 creatures vanquished.

Notes
Turn   | Place    | Note
-------+----------+-------------------------------------------
     0 | D:1      | mcbry74 the Troll Gladiator began the quest for the Orb.
     0 | D:1      | Reached XP level 1. HP: 19/19 MP: 0/0
   222 | D:1      | Reached skill level 3 in Maces & Flails
   246 | D:1      | Reached XP level 2. HP: 27/27 MP: 1/1
   749 | D:2      | Found a faded altar of an unknown god.
   754 | D:2      | Reached XP level 3. HP: 33/33 MP: 2/2
   890 | D:2      | Reached skill level 4 in Maces & Flails
   981 | D:2      | Slain by a gnoll

Illustrated notes

Levels and vault maps discovered:
D:1:      beargit_arrival_greenhouse, layout_loops_ring
D:2:      layout_basic, dreamdust_ecumenical_altar_hidden_monk_grotto

Skill      XL: |  1  2  3 |
---------------+----------+-----
Maces & Flails | 3 4 |  4.4
Fighting       | |  1.5
Throwing       | |  1.7
Dodging        | |  2.4

Action                   || total
-------------------------++-------
Melee: Flail             ||    96
Throw: Stone             ||     1
 Stab: Sleeping          ||     1
Armor: Robe              ||    31
Dodge: Dodged            ||    67
